details: 'Sk8ter'

« prev index next »

General information

Mini Map

Players

team 1
UndeadFiresk8er (orange | 102 APM | 5428 actions | 53:07)
Hero icon 8 Death Knight
Ability icon 3 Death Coil
Ability icon 3 Unholy Aura
Ability icon 1 Animate Dead
Ability icon 1 Death Pact
Hero icon 7 Lich
Ability icon 3 Frost Nova
Ability icon 3 Frost Armor
Ability icon 1 Death and Decay

» actions
Assign group hotkey95
Basic commands78
Build / train147
ESC pressed4
Enter build submenu44
Enter hero's abilities submenu16
Give item / drop item6
Remove unit from queue2
Right click2409
Select / deselect771
Select group hotkey1627
Use ability229
5428 total
» units
Acolyte13
Ghoul9
Crypt Fiend17
Gargoyle7
Obsidian Statue4
Meatwagon16
Abomination10
Frost Wyrm12
88 total
» upgrades
Destroyer Form1
Creature Attack3
Creature Carapace3
7 total
» buildings
Altar of Darkness1
Ziggurat16
Crypt1
Tomb of Relics1
Nerubian Tower2
Halls of the Dead2
Graveyard2
Spirit Tower8
Slaughterhouse2
Black Citadel1
Necropolis3
Sacrificial Pit1
Boneyard1
41 total
» build order
00:08 Altar of Darkness
00:09 Ziggurat
00:34 Crypt
00:55 Tomb of Relics
01:20 Ziggurat
02:05 Nerubian Tower
02:58 Halls of the Dead
03:27 Graveyard
04:30 Ziggurat
05:02 Spirit Tower
06:13 Ziggurat
07:43 Slaughterhouse
07:45 Black Citadel
10:44 Ziggurat
12:23 Necropolis
13:27 Ziggurat
14:46 Ziggurat
15:05 Ziggurat
15:39 Spirit Tower
16:36 Graveyard
16:43 Nerubian Tower
17:51 Ziggurat
18:57 Spirit Tower
21:53 Necropolis
21:56 Ziggurat
24:12 Halls of the Dead
24:15 Ziggurat
24:17 Ziggurat
24:36 Ziggurat
25:59 Spirit Tower
26:55 Spirit Tower
27:46 Spirit Tower
29:57 Sacrificial Pit
31:23 Boneyard
34:37 Slaughterhouse
35:28 Necropolis
38:27 Ziggurat
38:28 Ziggurat
40:05 Spirit Tower
40:45 Ziggurat
41:40 Spirit Tower
» items
Rod of Necromancy4
Dust of Appearance1
Scroll of Town Portal7
Orb of Corruption1
Potion of Healing1
Scroll of Protection1
Scroll of Healing1
16 total
team 2
Random» NightElfjaydesjohnny (blue | 149 APM | 7947 actions | 53:09)
Hero icon 8 Priestess of the Moon
Ability icon 3 Searing Arrows
Ability icon 3 Trueshot Aura
Ability icon 1 Starfall
Ability icon 1 Scout
Hero icon 8 Pandaren Brewmaster
Ability icon 3 Breath of Fire
Ability icon 3 Drunken Haze
Ability icon 1 Storm Earth and Fire
Ability icon 1 Drunken Brawler

» actions
Assign group hotkey88
Basic commands528
Build / train220
Enter build submenu36
Enter hero's abilities submenu17
Give item / drop item8
Remove unit from queue9
Right click2757
Select / deselect1484
Select group hotkey2406
Use ability393
7947 total
» units
Wisp54
Huntress6
Archer3
Dryad22
Forest Troll Berserker2
Forest Troll Shadow Priest3
Goblin Shredder2
Mountain Giant1
Druid of the Claw5
Glaive Thrower2
Faerie Dragon5
105 total
» upgrades
Nature's Blessing1
Strength of the Wild2
Reinforced Hides2
Abolish Magic1
Hardened Skin1
Resistant Skin1
Well Spring1
Druid of the Claw Training2
Ultravision1
12 total
» buildings
Altar of Elders1
Moon Well11
Hunter's Hall2
Ancient of War2
Tree of Life8
Ancient Protector5
Tree of Ages2
Ancient of Lore2
Tree of Eternity1
Ancient of Wonders1
Ancient of Wind2
37 total
» build order
00:05 Altar of Elders
00:19 Moon Well
01:36 Hunter's Hall
01:44 Hunter's Hall
01:48 Ancient of War
02:13 Ancient of War
02:35 Moon Well
03:27 Moon Well
05:47 Moon Well
06:36 Tree of Life
07:44 Ancient Protector
08:34 Tree of Ages
09:13 Ancient Protector
09:13 Ancient Protector
10:58 Ancient of Lore
11:00 Ancient of Lore
12:21 Moon Well
12:49 Tree of Eternity
14:36 Tree of Life
14:48 Tree of Life
15:38 Ancient of Wonders
18:04 Moon Well
18:56 Moon Well
18:57 Moon Well
21:44 Tree of Life
27:15 Tree of Life
29:42 Tree of Life
35:07 Ancient of Wind
35:25 Ancient Protector
38:31 Ancient Protector
39:22 Ancient of Wind
40:41 Tree of Life
47:14 Tree of Life
48:42 Moon Well
48:43 Moon Well
48:45 Moon Well
» items
Boots of Speed4
Scroll of Healing3
Scroll of Town Portal8
Potion of Lesser Invulnerability7
Orb of Venom1
Staff of Preservation1
Anti-magic Potion9
Moonstone4
Staff of Teleportation1
Potion of Healing3
41 total